 Dungeon Crawl Stone Soup version 0.31-a0-1036-g31867e143a (webtiles) character file.

Game seed: 8592521750600371334

60 Azuregosa the Covert (level 4, -1/31 HPs)
             Began as an Octopode Delver on Nov 19, 2023.
             Engulfed by a steam dragon's steam (7 damage)
             ... on level 6 of the Dungeon.
             The game lasted 00:01:56 (284 turns).

Azuregosa the Covert (Octopode Delver)               Turns: 284, Time: 00:01:57

Health: -1/31      AC:  1    Str: 11    XL:     4   Next: 6%
Magic:  4/4        EV: 13    Int: 12    God:
Gold:   35         SH:  0    Dex: 15    Spells: 3/3 levels left

rFire   . . .        a - +0 falchion
rCold   . . .        (no shield)
rNeg    . . .        (helmet restricted)
rPois   .            (no amulet)
rElec   .            (no ring)
rCorr   .            (no ring)
SInv    .            (no ring)
Will    .....        (no ring)
Stlth   +++++        (no ring)
HPRegen 0.25/turn    (no ring)
MPRegen 0.09/turn    (no ring)
                     (no ring)

%: no passive effects
@: no status effects
A: almost no armour, amphibious, 8 rings, camouflage 1, gelatinous body 1,
(nimble swimmer 1), tentacles
a: no special abilities


You were on level 6 of the Dungeon.
You visited 1 branch of the dungeon, and saw 2 of its levels.

You collected 35 gold pieces.

Inventory:

Hand Weapons
 a - a +0 falchion (weapon)
Wands
 f - a wand of digging (3)
Scrolls
 b - a scroll of fog
Potions
 c - a potion of lignification {unknown}
 e - a potion of haste
 g - a potion of resistance {unknown}
 h - a potion of degeneration {unknown}


   Skills:
 - Level 3.0 Fighting
 - Level 2.0 Long Blades
 - Level 2.0 Dodging
 + Level 8.6 Stealth


You had 3 spell levels left.
You didn't know any spells.
Your spell library was empty.

Dungeon Overview and Level Annotations

Branches:
Dungeon (6/15)
 Temple: D:4-7

Altars:


Innate Abilities, Weirdness & Mutations

You cannot wear most types of armour.
You are amphibious.
You can wear up to eight rings at the same time.
Your skin changes colour to match your surroundings (Stealth+).
Your rubbery body absorbs attacks. (AC +1, EV +1)
((You are camouflaged when in or above water. (Stealth+)))
You have tentacles for arms and can constrict up to eight enemies at once.


Message History

a +0 hand axe; an orc corpse
Found 10 gold pieces.
Found an escape hatch in the ceiling.
You now have 19 gold pieces (gained 10).
You hear the slow hiss of a very distant avalanche of sand.
Found a stone staircase leading down.
Found a lumpy grey potion.
h - a lumpy grey potion
Found a dagger.
Found 16 gold pieces.
You now have 35 gold pieces (gained 16).
A steam dragon comes into view.
A hound comes into view.
You hear the hiss of a very distant avalanche of sand.
The hound barks!
The hound barely misses you. The hound attacks as it pursues you!
The hound bites you.
You hit the hound. You grab the hound.
You squeeze the hound, but do no damage.
The hound is moderately wounded.
You constrict the hound, but do no damage.
The hound bites you but does no damage. The hound bites you.
You barely miss the hound. You squeeze the hound!
The hound is almost dead.
You constrict the hound. The hound completely misses you.
The hound closely misses you.
You slash the hound!
You kill the hound!
You have reached level 4!
The steam dragon breathes steam at you. The ball of steam misses you.
You are engulfed in a cloud of scalding steam.
The steam dragon breathes steam at you. The ball of steam hits you!!
Ouch! That really hurt!
* * * LOW HITPOINT WARNING * * *
As you read the scroll of fear, it crumbles to dust.
You assume a fearsome visage.
Nothing appears to happen.
You are engulfed in a cloud of scalding steam.
You die...

###########...8#.......
#.............##...)...
##.#............####...
#.#.##...#.#...####...
#.#.##...#.#..........
#.#.##.....#..........
#.#.##.....D..........
#.#.#.§§......†.......
#.#..@#8###8###.###8##
#.#...########### ##
##.######........
#................
##..#####..<..... #).#
#........ #..#
#........ #..#
......... #..#
.........


There were no monsters in sight!

Vanquished Creatures
  A hound (D:6)
  A jelly (D:6)
  An orc (D:6)
3 creatures vanquished.

Notes
Turn   | Place    | Note
-------+----------+-------------------------------------------
     0 | D:5      | Azuregosa the Octopode Delver began the quest for the Orb.
     0 | D:5      | Reached XP level 1. HP: 16/16 MP: 1/1
    23 | D:6      | Noticed a jelly
    32 | D:6      | Killed a jelly
    33 | D:6      | Reached skill level 7 in Stealth
    33 | D:6      | Reached XP level 2. HP: 10/21 MP: 2/2
    33 | D:6      | Reached XP level 3. HP: 13/26 MP: 3/3
   170 | D:6      | Reached skill level 8 in Stealth
   247 | D:6      | Noticed a steam dragon
   276 | D:6      | Reached XP level 4. HP: 28/31 MP: 4/4
   284 | D:6      | Engulfed by a steam dragon's steam

Illustrated notes

Levels and vault maps discovered:
D:5:      layout_loops_corners, serial_bayou, serial_bayou_pond_a,
          serial_bayou_pond_c, serial_bayou_lagoon_a, serial_bayou_pond_a,
          serial_bayou_pond_e, minivault_14, hex_large
D:6:      minmay_skewed_foursquare, layout_basic, serial_corexii_hall,
          chequers_hall_statues_wall_a, chequers_hall_statues_corner_a,
          enter_ossuary_5

Skill      XL: |  1  2  3 |
---------------+----------+-----
Stealth        | 7 8 |  8.6
Fighting       | |  3.0
Long Blades    | |  2.0
Dodging        | |  2.0

Action                     |  1- 3 |  4- 6 || total
---------------------------+-------+-------++-------
  Melee: Falchion          |     8 |       ||     8
         Tentacles         |     4 |       ||     4
         Constrict         |     2 |       ||     2
    Use: Scroll            |     1 |     1 ||     2
 Armour: Skin              |     4 |     3 ||     7
  Dodge: Dodged            |     7 |     1 ||     8

Table legend: (Time is in decaauts)
 A = Elapsed time spent in this place.
 B = Non-inter-level travel time spent in this place.
 C = Inter-level travel time spent in this place.
 D = Time resting spent in this place.
 E = Time spent auto-exploring this place.
 F = Levels seen in this place.
 G = Mean time per level.
                   A        B        C        D        E       F      G
               +--------+--------+--------+--------+--------+-----+--------+
         Total |    285 |    285 |      0 |     52 |      0 |   2 |  142.5 |
       Dungeon |    285 |    285 |      0 |     52 |      0 |   2 |  142.5 |
               +--------+--------+--------+--------+--------+-----+--------+

Top non-repeatable levels by time:
     D:6: 283 daAuts
     D:5: 2 daAuts
